 Dungeon Crawl Stone Soup version 0.27.1-1-g398f81649c (webtiles) character file.

Game seed: 14025794106859989102

528 Thatpatchoflichen the Covered (level 7, 0/61 HPs)
             Began as a Minotaur Fighter on Sept 5, 2021.
             Succumbed to a gnoll's poison
             ... on level 3 of the Dungeon.
             The game lasted 00:08:48 (3531 turns).

Thatpatchoflichen the Covered (Minotaur Fighter)    Turns: 3531, Time: 00:08:49

Health: 0/61       AC:  8    Str: 20    XL:     7   Next: 3%
Magic:  6/6        EV:  9    Int:  5    God:
Gold:   216        SH: 10    Dex: 12    Spells: 6/6 levels left

rFire    . . .     SeeInvis .   a - +0 trident
rCold    . . .     Faith    .   c - +0 kite shield
rNeg     . . .     Spirit   .   b - +0 scale mail
rPois    .         Reflect  .   (helmet restricted)
rElec    .         Harm     .   g - +0 cloak
rCorr    .         Rampage  .   (no gloves)
Will     +....                  (no boots)
Stlth    ..........             (no amulet)
HPRegen  0.20/turn              v - ring of willpower
MPRegen  0.10/turn              (no ring)

@: lethally poisoned (0 -> -5), flying
A: horns 2, retaliatory headbutt
a: no special abilities


You were on level 3 of the Dungeon.
You visited 1 branch of the dungeon, and saw 3 of its levels.

You collected 216 gold pieces.

Inventory:

Hand Weapons
 a - a +0 trident (weapon)
 q - a +0 hunting sling
 t - a +2 short sword of venom
 u - a +2 whip of venom
Missiles
 e - 4 javelins (quivered)
 j - 11 arrows
 l - 5 boomerangs
 o - 51 stones
 w - a throwing net
Armour
 b - a +0 scale mail (worn)
 c - a +0 kite shield (worn)
 g - a +0 cloak (worn)
Jewellery
 v - a ring of willpower (left hand)
Scrolls
 m - a scroll of brand weapon {unknown}
 n - a scroll of noise {unknown}
 p - a scroll of teleportation {unknown}
 r - 2 scrolls of identify {unknown}
 s - a scroll of immolation {unknown}
Potions
 d - a potion of might
 f - a potion of mutation {unknown}
 h - a potion of flight
 i - a potion of haste {unknown}
 k - a potion of curing {unknown}


   Skills:
 - Level 5.0 Fighting
 - Level 5.0 Polearms
 - Level 5.0 Armour
 + Level 4.3 Dodging
 - Level 5.0 Shields


You had 6 spell levels left.
You didn't know any spells.
Your spell library contained the following spells:

 Spells                   Type           Power      Damage    Failure   Level
 Dazzling Flash           Conj/Hex       0%         N/A       100%        3
 Iskenderun's Mystic Bla  Conj/Tloc      0%         2d3       100%        4
 Starburst                Conj/Fire      0%         6d3       100%        6


Dungeon Overview and Level Annotations

Branches:
Dungeon (3/15)

Altars:


Innate Abilities, Weirdness & Mutations

You have a pair of horns on your head.
You reflexively headbutt those who attack you in melee.


Message History

You closely miss the gnoll.
The gnoll is severely wounded.
You feel very sick. You block the gnoll's attack.
You hit the gnoll.
The gnoll is severely wounded.
You feel very sick.
The gnoll hits you with a +0 whip of venom.
You are more poisoned.
You hit the gnoll.
The gnoll is almost dead.
You feel very sick.
The gnoll hits you with a +0 whip of venom.
You are more poisoned.
You puncture the gnoll!
You kill the gnoll!
You feel extremely sick. You block the gnoll's attack.
You hit the gnoll.
You headbutt the gnoll, but do no damage.
The gnoll is moderately wounded.
* * * LOW HITPOINT WARNING * * *
You feel very sick.
The gnoll hits you with a +2 whip of electrocution.
* * * LOW HITPOINT WARNING * * *
You puncture the gnoll!
The gnoll is almost dead.
* * * LOW HITPOINT WARNING * * *
You feel very sick. You block the gnoll's attack.
* * * LOW HITPOINT WARNING * * *
You feel sick.
* * * LOW HITPOINT WARNING * * *
You feel sick.
* * * LOW HITPOINT WARNING * * *
You feel sick.
It was a potion of flight.
You feel very buoyant.
You fly up into the air.
You die...

>....##..###.............########
.............)..........)........
≈≈≈≈≈≈≈≈≈≈....≈≈≈≈≈≈≈≈≈≈≈≈≈≈≈≈≈≈≈
≈≈≈≈≈≈≈≈≈≈...)≈≈≈≈≈≈≈≈≈≈≈≈≈≈≈≈≈≈≈
≈≈≈≈≈≈≈≈≈≈...))≈≈≈≈≈≈≈≈≈≈≈#####≈≈
.............))...........#...#≈≈
##########''''#############...#≈≈
#..#######....#######.....#'###≈≈
'..'.....'....'.@gg.).....#.#.≈≈≈
#..#######....#######.....# #.≈≈≈
###########''############## #.≈≈≈
..'..................' #.≈≈≈
..'..................' #.≈≈≈
###..................###### #.≈≈≈
..#..................#..).# #.≈≈≈
..#########''#########)...#.#.≈≈≈
..'.......'..'.......'....#'###≈≈


You could see 2 gnolls.

Vanquished Creatures
  An ogre (D:3)
  A hound (D:3)
  A gnoll shaman (D:3)
  21 gnolls
  5 adders
  A shadow imp (D:3)
  4 worms
  3 dart slugs
  16 orcs (D:3)
  3 endoplasms
  3 giant cockroaches
  3 goblins
  6 hobgoblins
  14 jackals
  5 kobolds
  4 ball pythons
  5 bats
  7 frilled lizards
  4 rats
107 creatures vanquished.

Notes
Turn   | Place    | Note
-------+----------+-------------------------------------------
     0 | D:1      | Thatpatchoflichen the Minotaur Fighter began the quest for
                  | the Orb.
     0 | D:1      | Reached XP level 1. HP: 19/19 MP: 0/0
   134 | D:1      | Reached XP level 2. HP: 22/27 MP: 1/1
   372 | D:1      | Reached skill level 1 in Dodging
   466 | D:1      | Reached XP level 3. HP: 33/33 MP: 2/2
   625 | D:1      | Found a faded altar of an unknown god.
  1415 | D:2      | Reached XP level 4. HP: 40/40 MP: 3/3
  2347 | D:3      | Reached XP level 5. HP: 47/47 MP: 4/4
  2878 | D:3      | Noticed an ogre
  3025 | D:3      | Reached skill level 5 in Armour
  3025 | D:3      | Reached XP level 6. HP: 39/53 MP: 5/5
  3038 | D:3      | Reached skill level 5 in Shields
  3144 | D:3      | Reached skill level 5 in Fighting
  3166 | D:3      | Reached skill level 5 in Polearms
  3520 | D:3      | Reached XP level 7. HP: 49/61 MP: 6/6
  3529 | D:3      | HP: 2/61 [poisoned by a gnoll]
  3531 | D:3      | Succumbed to a gnoll's poison

Illustrated notes

Levels and vault maps discovered:
D:1:      eino_arrival_water_star, layout_basic, ebering_ecumenical_altar_rust,
          ebering_dispersal_statue_hall, minmay_door_square, minmay_lizard_pond
D:2:      layout_rooms, serial_glass, glass_columns_c, glass_columns_a,
          glass_columns_a, glass_columns_a, glass_columns_a, glass_columns_c
D:3:      lemuel_castle_with_subvaults [lemuel_castle_interior_original],
          layout_loops_cross, uniq_ijyb

Skill      XL: |  1  2  3  4  5  6 |
---------------+-------------------+-----
Dodging        | 1 2 4 |  4.3
Armour         | 4 5 |  5.0
Shields        | 4 5 |  5.0
Polearms       | 3 4 5 |  5.0
Fighting       | 4 5 |  5.0

Action                   |  1- 3 |  4- 6 |  7- 9 || total
-------------------------+-------+-------+-------++-------
Melee: Trident           |    90 |   180 |     8 ||   278
       Headbutt          |    11 |    28 |     1 ||    40
  Use: Potion            |       |       |     1 ||     1
Armor: Scale mail        |    44 |    59 |     1 ||   104
Dodge: Dodged            |    33 |    98 |       ||   131
Block: Kite shield       |    52 |   129 |     4 ||   185
